 Dungeon Crawl Stone Soup version 0.16.2-12-gd0ad4c3 (webtiles) character file.

2902 dvd the Thrower (level 9, -4/92 HPs)
             Began as an Ogre Hunter on Sept 10, 2015.
             Was a Priest of Yredelemnul.
             Killed from afar by an orc wizard (6 damage)
             ... with a magic dart
             ... on level 8 of the Dungeon.
             The game lasted 00:54:29 (9404 turns).

dvd the Thrower (Ogre Hunter)                       Turns: 9404, Time: 00:54:29

Health: -4/92      AC:  4    Str: 25    XL:     9   Next: 78%
Magic:  16/16      EV: 10    Int: 10    God:    Yredelemnul [***...]
Gold:   340        SH:  9    Dex: 10    Spells: 0 memorised, 8 levels left

rFire  + . .     SeeInvis +     j - +0 morningstar
rCold  . . .     Clarity  .     J - +0 animal skin
rNeg   . . .     SustAb   .     G - +0 shield (curse)
rPois  .         Gourm    .     (helmet restricted)
rElec  .         Spirit   .     A - +0 cloak
rCorr  .         Warding  .     (gloves unavailable)
rMut   .         Stasis   +     (boots unavailable)
MR     .....                    d - amulet of stasis (curse)
Stlth  ++........               i - +3 ring of strength
                                q - ring of see invisible

@: not resistant to hostile enchantments, unstealthy
A: unfitting armour, fire resistance 1, tough skin 1
a: Animate Dead, Recall Undead Slaves, Injury Mirror, Renounce Religion


You were on level 8 of the Dungeon.
You worshipped Yredelemnul.
Yredelemnul was most pleased with you.
You were not hungry.

You visited 2 branches of the dungeon, and saw 9 of its levels.

You collected 340 gold pieces.

Inventory:

Hand weapons
 g - a +1 mace
 j - a +0 morningstar (weapon)
 m - a +0 flail
 o - a +0 giant club
 w - a +2 whip of electrocution
 B - a +1 hand axe of venom
 H - a +2 war axe of freezing
Missiles
 v - a poisoned tomahawk (quivered)
Armour
 A - a +0 cloak (worn)
 G - a cursed +0 shield (worn)
 J - a +0 animal skin (worn)
Jewellery
 d - a cursed amulet of stasis (around neck)
 i - a +3 ring of strength (right hand)
 q - a ring of see invisible (left hand)
 E - an uncursed ring of magical power
 I - an uncursed amulet of resist corrosion
Magical devices
 c - a wand of paralysis (18)
 u - a wand of digging (9)
 D - a wand of random effects (44)
Scrolls
 e - a scroll of fear
 h - 3 scrolls of identify
 r - a scroll of remove curse {unknown}
 s - 2 scrolls of teleportation
Potions
 k - 3 potions of heal wounds
 n - a potion of restore abilities
 t - 2 potions of cure mutation
Books
 x - a book of Summonings

   Spells                             Type                      Level
   a - Abjuration                     Summoning                    3
   b - Recall                         Summoning/Translocation      3
   c - Shadow Creatures               Summoning                    5
   d - Summon Demon                   Summoning                    5
   e - Summon Forest                  Summoning/Translocation      5
   f - Monstrous Menagerie            Summoning                    6
Comestibles
 a - a slice of pizza
 b - 2 beef jerkies
 f - 2 meat rations
 l - 3 bread rations
 p - 4 fruits


   Skills:
 + Level 6.4 Fighting
 + Level 5.9 Maces & Flails
 + Level 8.1 Throwing
 + Level 6.5 Dodging
 + Level 2.6 Stealth
 + Level 3.2 Shields
 + Level 4.7 Invocations
 + Level 0.1 Evocations


You had 8 spell levels left.
You didn't know any spells.

Dungeon Overview and Level Annotations

Branches:
Dungeon (8/15)             Temple (1/1) D:5
   Lair: D:8-11

Altars:
Ashenzari
Cheibriados
Elyvilon
Fedhas
Gozag
Kikubaaqudgha
Makhleb
Nemelex Xobeh
Okawaru
Qazlal
Ru
Sif Muna
Trog
Vehumet
Xom
Yredelemnul
The Shining One

Shops:
D:6 (


Innate Abilities, Weirdness & Mutations

You are too large for most types of armour.
You have tough skin (AC +1).
Your flesh is heat resistant.


Message History

Something smites you!
* * * LOW HITPOINT WARNING * * *
You hear a shout!
Drink which item? (? for menu, Esc to quit)
You feel much better. You block the orc warrior's attack.
The orc hits your orc zombie with a club!
Your orc zombie is destroyed!
You block the orc wizard's attack. The orc priest hits you with a flail!
You closely miss the orc priest. You block the orc warrior's attack.
The orc wizard hits you with a dagger.
The orc priest invokes the aid of Beogh against you.
Something smites you!
* * * LOW HITPOINT WARNING * * *
Unknown command.
The orc warrior hits you from afar with a trident!
* * * LOW HITPOINT WARNING * * *
The orc wizard points at you and mumbles some strange words.
The magic dart hits you!
You die...
Your body rises from the dead as a mindless zombie.

##...(.# ......#
#.....# #+ #....<#
.>.. #..(.(#.....
########..).#..!..#
#......))o..'.....#
#.......oooo#.....#
##........@..# ...
#.......###### #
#.......# #.......#
##### #.......#
....# #.......#
....# #.......#
....# #.......#####
....# #...Z.###...#


You could see an orc warrior, an orc priest, an orc wizard and 2 orcs.

Vanquished Creatures
  Pikel (D:7)
  Eustachio (D:8)
  A slave (D:7)
  A big kobold (D:7)
  An orc warrior (D:7)
  2 centaurs
  An ogre (D:7)
  A sky beast (D:5)
  A phantom (D:6)
  Sigmund (D:2)
  Duvessa (D:7)
  6 giant frogs
  3 scorpions
  5 crimson imps
  Dowan (D:7)
  A goliath beetle (D:6)
  3 orc priests (D:7)
  A centaur skeleton (D:5)
  2 hounds
  Natasha (twice) (D:4)
  3 orc wizards
  8 worker ants
  Jessica (D:2)
  Terence (D:2)
  A worker ant zombie (D:7)
  A hound skeleton (D:6)
  Robin (D:3)
  2 gnolls (D:4)
  9 adders
  A giant mite (D:4)
  2 worms
  3 giant geckos
  An ooze (D:7)
  12 orcs
  A ball python (D:3)
  A bat skeleton (D:7)
  2 giant cockroaches
  2 gnoll zombies (D:2)
  13 hobgoblins
  6 jackals
  6 bats
  5 giant newts
  18 goblins
  12 kobolds
  A quokka (D:4)
  A quokka zombie (D:7)
  15 rats
165 creatures vanquished.

Vanquished Creatures (collateral kills)
  An ice beast (D:5)
  A centaur (D:7)
  A scorpion (D:7)
  A crimson imp (D:5)
  An orc wizard (D:8)
  A worker ant (D:7)
  A hound skeleton (D:5)
  2 gnolls (D:4)
  A giant gecko (D:6)
  An orc (D:8)
  3 bats
  A bat skeleton (D:8)
  A giant cockroach (D:4)
  A hobgoblin (D:5)
  A giant newt (D:5)
  2 kobolds
  A rat (D:4)
21 creatures vanquished.

Vanquished Creatures (others)
  2 slaves (D:7)
  2 worker ant zombies (D:5)
  A human zombie (D:8)
  3 scorpion zombies (D:7)
  An elf zombie (D:7)
  A goblin (D:7)
  2 quokkas
  A giant cockroach zombie (D:7)
  A giant gecko zombie (D:7)
  A goblin zombie (D:7)
  2 kobolds
  4 kobold zombies
  8 orc zombies
29 creatures vanquished.

Grand Total: 215 creatures vanquished

Notes
Turn   | Place    | Note
--------------------------------------------------------------
     0 | D:1      | dvd, the Ogre Hunter, began the quest for the Orb.
     0 | D:1      | Reached XP level 1. HP: 22/22 MP: 1/1
   133 | D:1      | Reached XP level 2. HP: 29/29 MP: 2/2
   151 | D:1      | Reached skill level 5 in Throwing
  1026 | D:1      | Reached XP level 3. HP: 36/36 MP: 3/3
  1461 | D:2      | Reached skill level 1 in Maces & Flails
  1574 | D:2      | You fall through a shaft!
  1627 | D:2      | Reached XP level 4. HP: 29/44 MP: 4/4
  1770 | D:2      | Noticed Jessica
  1776 | D:2      | Killed Jessica
  2239 | D:2      | Found a basalt altar of Yredelemnul.
  2249 | D:2      | Became a worshipper of Yredelemnul the Dark
  2316 | D:2      | Noticed Sigmund
  2339 | D:2      | Killed Sigmund
  2339 | D:2      | Reached skill level 1 in Stealth
  2339 | D:2      | Reached XP level 5. HP: 32/53 MP: 5/5
  2490 | D:2      | Noticed Terence
  2508 | D:2      | Killed Terence
  2961 | D:3      | Noticed Robin
  2979 | D:3      | Killed Robin
  3072 | D:3      | Acquired Yredelemnul's first power
  3655 | D:3      | Found an opulent altar of Gozag.
  3781 | D:3      | Reached XP level 6. HP: 61/61 MP: 6/6
  3975 | D:3      | Found a shimmering altar of Xom.
  4184 | D:4      | Reached skill level 6 in Throwing
  4252 | D:4      | Found a bloodstained altar of Trog.
  4289 | D:4      | Noticed Natasha
  4298 | D:4      | Killed Natasha
  4864 | D:4      | Found a burning altar of Makhleb.
  4864 | D:4      | Noticed a blizzard demon
  4873 | D:4      | Noticed a neqoxec
  4873 | D:4      | Noticed a neqoxec
  5007 | D:4      | Found an ancient bone altar of Kikubaaqudgha.
  5284 | D:4      | Found a sparkling altar of Nemelex Xobeh.
  5290 | D:4      | Acquired Yredelemnul's second power
  5327 | D:4      | Noticed Natasha
  5334 | D:4      | Killed Natasha
  5334 | D:4      | Reached XP level 7. HP: 62/67 MP: 7/7
  5388 | D:4      | Reached skill level 1 in Invocations
  5473 | D:5      | Entered Level 5 of the Dungeon
  5490 | D:5      | Found a deep blue altar of Sif Muna.
  5683 | D:5      | Found a white marble altar of Elyvilon.
  5779 | D:5      | Found a stormy altar of Qazlal.
  6509 | D:5      | Reached XP level 8. HP: 57/79 MP: 11/11
  6568 | D:5      | Found a staircase to the Ecumenical Temple.
  6575 | Temple   | Entered the Ecumenical Temple
  6811 | D:5      | You fall through a shaft!
  6899 | D:6      | Reached skill level 1 in Shields
  6924 | D:6      | Found Khuaschaa's Weapon Emporium.
  6957 | D:6      | Reached skill level 5 in Fighting
  6957 | D:6      | Reached skill level 7 in Throwing
  7240 | D:6      | Reached skill level 5 in Dodging
  7653 | D:7      | Noticed Dowan
  7655 | D:7      | Noticed Duvessa
  7760 | D:7      | Reached skill level 5 in Maces & Flails
  7835 | D:7      | Noticed Pikel
  7871 | D:7      | Killed Pikel
  7871 | D:7      | Reached XP level 9. HP: 32/89 MP: 12/14
  8411 | D:7      | Reached skill level 8 in Throwing
  8470 | D:7      | Killed Dowan
  8496 | D:7      | Killed Duvessa
  8721 | D:7      | Acquired Yredelemnul's third power
  8856 | D:7      | Your ally Dowan died
  8944 | D:7      | Gained mutation: Your flesh is heat resistant. [potion of beneficial mutation]
  9295 | D:8      | Noticed Eustachio
  9311 | D:8      | Killed Eustachio
  9396 | D:8      | Your ally Eustachio died
  9404 | D:8      | HP: 2/92 [orc warrior/trident (14)]
  9404 | D:8      | Killed from afar by an orc wizard

Action                   |  1- 3 |  4- 6 |  7- 9 || total
-------------------------+-------+-------+-------++-------
Melee: Mace              |    57 |   176 |   107 ||   340
       Morningstar       |       |       |   101 ||   101
       Whip              |       |       |    49 ||    49
Throw: Large rock        |    30 |    42 |    41 ||   113
       Throwing net      |     1 |     5 |       ||     6
       Tomahawk          |       |    25 |    61 ||    86
       Stone             |       |     2 |       ||     2
Invok: Animate Remains   |       |     8 |    19 ||    27
       Recall Undead Sla |       |       |     2 ||     2
       Animate Dead      |       |       |     5 ||     5
Evoke: Wand              |       |       |     3 ||     3
  Use: Potion            |       |     7 |     8 ||    15
       Scroll            |       |     8 |     2 ||    10
 Stab: Sleeping          |       |     1 |       ||     1
       Distracted        |       |     1 |       ||     1
  Eat: Chunk             |     2 |     9 |     2 ||    13
       Meat ration       |       |     1 |     2 ||     3
       Royal jelly       |       |       |     1 ||     1
       Beef jerky        |       |       |     1 ||     1
